 Dungeon Crawl Stone Soup version 0.29-a0-664-gff9cad4a3d (webtiles) character file.

Game seed: 18152326896853454159

10 sammy202020 the Skirmisher (level 2, 0/24 HPs)
             Began as a Demonspawn Berserker on June 22, 2022.
             Was a Follower of Trog.
             Slain by an endoplasm (1 damage)
             ... on level 1 of the Dungeon.
             The game lasted 00:00:34 (395 turns).

sammy202020 the Skirmisher (Demonspawn Berserker)    Turns: 395, Time: 00:00:34

Health: 0/24       AC:  2    Str: 17    XL:     2   Next: 10%
Magic:  2/2        EV: 12    Int:  8    God:    Trog [*.....]
Gold:   0          SH:  0    Dex: 12    Spells: 1/1 levels left

rFire   . . .      SeeInvis .   a - +0 hand axe
rCold   . . .      Faith    .   (no shield)
rNeg    . . .      Spirit   .   b - +0 animal skin
rPois   .          Reflect  .   (no helmet)
rElec   .          Harm     .   (no cloak)
rCorr   .          Rampage  .   (no gloves)
Will    .....                   (no boots)
Stlth   +.........              (no amulet)
HPRegen 0.08/turn               (no ring)
MPRegen 0.16/turn               (no ring)

@: no status effects
A: magic regeneration
a: Renounce Religion, Berserk


You were on level 1 of the Dungeon.
You worshipped Trog.
Trog was aware of your devotion.
You visited 1 branch of the dungeon, and saw 1 of its levels.

Inventory:

Hand Weapons
 a - a +0 hand axe (weapon)
Armour
 b - a +0 animal skin (worn)
Jewellery
 d - a +6 ring of intelligence
Potions
 c - a potion of curing {unknown}


   Skills:
 * Level 3.2 Fighting
 * Level 2.9 Axes
 + Level 1.9 Armour
 + Level 1.9 Dodging


You had one spell level left.
You didn't know any spells.
Your spell library was empty.

Dungeon Overview and Level Annotations

Branches:
Dungeon (1/15)

Altars:

Shops:
D:1 *


Innate Abilities, Weirdness & Mutations

You regenerate magic rapidly.


Message History

The jackal bites you but does no damage.
You hit the ball python.
You kill the ball python!
Trog accepts your kill.
You hit the goblin.
You kill the goblin!
Trog accepts your kill.
You closely miss the jackal. The jackal bites you.
You barely miss the jackal. You completely miss the endoplasm.
The jackal bites you. The endoplasm barely misses you. The jackal bites you.
You are too injured to fight recklessly!
You are too injured to fight recklessly!
You are too injured to fight recklessly!
You are too injured to fight recklessly!
You are too injured to fight recklessly!
You are too injured to fight recklessly!
You are too injured to fight recklessly!
You are too injured to fight recklessly!
You are too injured to fight recklessly!
You are too injured to fight recklessly!
Unknown command.
You are too injured to fight recklessly!
You are too injured to fight recklessly!
You completely miss the jackal. You hit the endoplasm.
The jackal barely misses you. The endoplasm misses you.
The jackal barely misses you.
You closely miss the jackal. You hit the endoplasm but do no damage.
The endoplasm hits you. The jackal barely misses you.
You hit the jackal.
The jackal is severely wounded.
You hit the endoplasm. The jackal completely misses you.
The endoplasm hits you.
* * * LOW HITPOINT WARNING * * *
The jackal bites you.
* * * LOW HITPOINT WARNING * * *
The endoplasm hits you but does no damage.
The jackal attacks as you move away! The jackal bites you.
* * * LOW HITPOINT WARNING * * *
The endoplasm attacks as you move away! The endoplasm hits you.
You die...

#....#.#.#####'#######.#..
##...#.#.......#.'.....#..
#...#.#########.########.
#####..................#.
#.################...
####.########## ##..
#.............# #..
#####.........# ##.
#.....@......# #.
#....KhJ.....# #.
#............# #.
#............# .
####.........# #.........#
#.......... #......>...


You could see an endoplasm, a jackal and a kobold.

Vanquished Creatures
  A dart slug (D:1)
  A bat (D:1)
  2 goblins (D:1)
  A jackal (D:1)
  A quokka (D:1)
  A ball python (D:1)
7 creatures vanquished.

Vanquished Creatures (others)
  2 plants (D:1)
2 creatures vanquished.

Grand Total: 9 creatures vanquished

Notes
Turn   | Place    | Note
-------+----------+-------------------------------------------
     0 | D:1      | sammy202020 the Demonspawn Berserker began the quest for
                  | the Orb.
     0 | D:1      | Reached XP level 1. HP: 18/18 MP: 1/1
   278 | D:1      | Found Tududa's Assorted Antiques.
   389 | D:1      | Gained mutation: You regenerate magic rapidly. [demonic
                  | ancestry]
   389 | D:1      | Reached XP level 2. HP: 19/24 MP: 2/2
   395 | D:1      | HP: 1/24 [jackal (1)]
   395 | D:1      | Slain by an endoplasm

Illustrated notes

Levels and vault maps discovered:
D:1:      onia_arrival_mini_maze_b, layout_basic, serial_shops,
          nicolae_shop_overgrown_old_shop, nicolae_square_shop,
          hellmonk_ecumenical_altar_zigzags

Action                   || total
-------------------------++-------
Melee: Hand axe          ||    26
Armor: Animal skin       ||     6
Dodge: Dodged            ||    22

Table legend: (Time is in decaauts)
 A = Elapsed time spent in this place.
 B = Non-inter-level travel time spent in this place.
 C = Inter-level travel time spent in this place.
 D = Time resting spent in this place.
 E = Time spent auto-exploring this place.
 F = Levels seen in this place.
 G = Mean time per level.
                   A        B        C        D        E       F      G
               +--------+--------+--------+--------+--------+-----+--------+
         Total |    399 |    399 |      0 |      0 |    347 |   1 |  399.0 |
       Dungeon |    399 |    399 |      0 |      0 |    347 |   1 |  399.0 |
               +--------+--------+--------+--------+--------+-----+--------+

Top non-repeatable levels by time:
     D:1: 399 daAuts
